Map: Abyssal Reef LE

Players

ZhuGeLiang

  • Race: Zerg Zerg
  • League: Master
  • Spawn Location: 11:00

RiSky - Winner!

  • Race: Zerg Zerg
  • League: Master
  • Spawn Location: 5:00

VOD

Have the link to the VOD?

Description

Time

  • Played on: Nov. 16, 2017, 1:55 p.m.
  • Length: 8:12
Show
View Real Time Build Order
Export as new Build Order

ZhuGeLiang Zerg 

Build Orders: Hatch First, Zergling Baneling 

Get SALT Encoding   

  12  0:01  Drone  
  13  0:12  Overlord  
  13  0:17  Drone  
  14  0:31  Drone x2  
  14  0:34  Drone  
  17  0:53  Hatchery  
  17  0:55  Drone  
  17  0:58  Drone  
  18  1:09  Extractor  
  17  1:13  Spawning Pool  
  17  1:17  Drone  
  17  1:20  Drone  
  18  1:28  Drone  
  19  1:39  Overlord  
  19  2:00  Queen, Zergling x2  
  19  2:01  Zergling x2  
  23  2:04  Queen  
  23  2:05  Zergling x2  
  26  2:09  Metabolic Boost  
  26  2:12  Drone  
  27  2:17  Drone  
  28  2:23  Drone  
  28  2:27  Drone  
  31  2:37  Drone  
  31  2:41  Hatchery  
  30  2:47  Baneling Nest  
  30  2:49  Zergling x2  
  30  2:53  Zergling x2  
  30  2:56  Drone  
  32  3:01  Overlord  
  32  3:05  Drone x2  
  34  3:09  Drone  
  34  3:11  Zergling x2  
  36  3:20  Zergling x8  
  36  3:24  Overlord  
  40  3:29  Zergling x4  
  39  3:38  Drone  
  40  3:45  Drone x6  
  46  3:51  Baneling x2  
  46  3:53  Queen  
  47  4:02  Baneling x2  
  47  4:04  Zergling x2  
  47  4:05  Zergling x6  
  51  4:10  Baneling x2  
  51  4:13  Overlord  
  51  4:14  Zergling x4  
  53  4:21  Zergling x2  
  53  4:22  Zergling x4  
  56  4:28  Overlord, Drone  
  56  4:30  Baneling x2  
  55  4:40  Drone x8  
  55  4:43  Extractor  
  55  4:44  Extractor  
  60  4:47  Roach Warren  
  47  5:01  Zergling x8  
  51  5:07  Overlord  
  51  5:11  Overlord  
  51  5:27  Roach  
  51  5:28  Roach x7  
  65  5:36  Overlord  
  65  5:41  Roach x3  
  71  5:47  Roach  
  71  5:48  Roach x4  
  71  5:49  Overlord  
  81  5:55  Roach  
  83  5:58  Roach x2  
  87  6:06  Zergling x10  
  92  6:16  Zergling x12  
  98  6:22  Ravager x3  
  98  6:24  Zergling x4  
  103  6:28  Overlord  
  103  6:31  Zergling x4  
  105  6:38  Baneling x5  
  105  6:40  Zergling x2  
  105  6:56  Zergling x2  
  105  6:57  Zergling x16  
  108  7:06  Zergling x2  
  108  7:07  Zergling x14  
  88  7:18  Zergling x2  
  88  7:19  Zergling x6  
  83  7:28  Drone x2  
  75  7:34  Evolution Chamber  
  67  7:38  Roach x2  
  67  7:42  Roach x2  
  74  7:53  Roach x5  
Show
View Real Time Build Order
Export as new Build Order

RiSky Zerg - Winner!

Build Orders: Hatch First 

Get SALT Encoding   

  12  0:00  Drone  
  13  0:12  Overlord  
  13  0:17  Drone  
  14  0:30  Drone x2  
  14  0:34  Drone  
  17  0:52  Hatchery  
  17  0:55  Drone  
  17  0:58  Drone  
  17  1:02  Extractor  
  17  1:15  Spawning Pool  
  16  1:18  Drone  
  16  1:22  Drone  
  18  1:29  Drone  
  19  1:37  Overlord  
  19  1:49  Drone  
  20  2:02  Queen, Drone  
  20  2:05  Metabolic Boost  
  20  2:07  Queen  
  25  2:10  Drone  
  25  2:13  Drone  
  27  2:16  Drone  
  27  2:21  Drone  
  29  2:26  Zergling x2  
  30  2:32  Zergling x2  
  31  2:38  Zergling x2  
  31  2:42  Hatchery  
  31  2:44  Zergling x2  
  31  2:49  Overlord  
  32  2:58  Drone  
  33  2:59  Baneling Nest, Drone  
  33  3:04  Drone  
  34  3:09  Drone  
  34  3:11  Drone x2  
  34  3:12  Drone  
  38  3:15  Zergling x2  
  38  3:17  Zergling x2  
  38  3:18  Zergling x2  
  41  3:22  Zergling x4  
  43  3:29  Zergling x2  
  43  3:33  Overlord  
  41  3:36  Queen  
  41  3:41  Drone  
  44  3:46  Overlord  
  44  3:52  Overlord  
  44  3:53  Drone  
  44  3:54  Drone  
  44  3:55  Drone  
  47  3:56  Drone  
  47  3:58  Drone  
  48  4:03  Baneling x2  
  48  4:04  Drone  
  48  4:06  Drone  
  48  4:07  Drone x2  
  48  4:08  Evolution Chamber  
  51  4:10  Drone  
  51  4:11  Drone  
  51  4:14  Baneling x3  
  53  4:18  Drone x2  
  53  4:21  Extractor, Drone  
  55  4:26  Overlord  
  53  4:41  Drone  
  53  4:44  Lair  
  53  4:45  Drone x2  
  56  4:46  Extractor, Zergling x10  
  56  4:47  Queen  
  56  4:49  Overlord  
  56  4:50  Drone  
  59  5:00  Drone  
  59  5:03  Zerg Missile Weapons Level 1  
  59  5:05  Drone  
  59  5:06  Drone, Roach Warren  
  61  5:07  Drone x2  
  61  5:11  Drone x2  
  61  5:13  Drone  
  66  5:16  Drone  
  66  5:17  Drone  
  66  5:18  Drone  
  66  5:20  Baneling x3  
  69  5:24  Drone  
  69  5:26  Drone  
  69  5:27  Drone  
  72  5:28  Overlord  
  72  5:30  Drone  
  72  5:34  Drone  
  74  5:36  Overlord  
  74  5:42  Overlord  
  75  5:50  Roach x7  
  75  5:51  Roach  
  75  5:55  Glial Reconstitution  
  75  5:56  Drone  
  90  5:59  Baneling  
  90  6:01  Baneling  
  90  6:05  Drone  
  90  6:10  Roach x3, Spine Crawler  
  90  6:11  Spine Crawler  
  95  6:12  Extractor  
  95  6:13  Overlord x2  
  95  6:14  Roach  
  95  6:18  Roach  
  97  6:23  Roach x2  
  101  6:26  Roach  
  101  6:29  Zergling x2  
  101  6:30  Zergling x8  
  108  6:38  Roach  
  108  6:39  Roach x3  
  116  6:49  Roach x5  
  119  7:02  Roach x5  
  112  7:13  Roach x5  
  113  7:20  Roach x3  
  106  7:33  Roach x5  
  116  7:38  Hatchery  
  116  7:39  Hatchery  
  110  7:44  Extractor  
  110  7:48  Roach x2  
Tags
 
Add a new tag
Caveats
  • Supply blocks, unpowered buildings, or Contaminate may cause inaccurate times.
  • Supply counts are checked every 10 seconds.